 Dungeon Crawl Stone Soup version 0.16-a0-3807-g3748f16 (console) character file.

75 MrRokkomies the Cudgeler (level 4, -8/48 HPs)
             Began as an Ogre Skald on Jan 28, 2015.
             Mangled by an ogre
             ... wielding a +0 giant club
              (16 damage)
             ... on level 3 of the Dungeon.
             The game lasted 00:04:59 (1407 turns).

MrRokkomies the Cudgeler (Ogre Skald)               Turns: 1407, Time: 00:04:59

Health: -8/48      AC:  3    Str: 17    XL:     4   Next: 31%
Magic:  5/8        EV: 15    Int: 11    God:
Gold:   75         SH:  0    Dex: 15    Spells: 2 memorised, 4 levels left

rFire  . . .     SeeInvis .     a - +0 mace
rCold  . . .     Clarity  .     b - +0 robe
rNeg   . . .     SustAb   +     (shield restricted)
rPois  .         Gourm    .     (helmet restricted)
rElec  .         Spirit   .     (no cloak)
rCorr  .         Warding  .     (gloves unavailable)
rMut   .         Stasis   .     (boots unavailable)
MR     .....                    (no amulet)
Stlth  ++........               (no ring)
                                g - ring of sustain abilities

@: agile, about to teleport, infused, not resistant to hostile enchantments,
unstealthy
A: unfitting armour, tough skin 1
a: no special abilities


You were on level 3 of the Dungeon.
You were not hungry.

You visited 1 branch of the dungeon, and saw 3 of its levels.

You collected 75 gold pieces.

Inventory:

Hand weapons
 a - a +0 mace (weapon)
Missiles
 n - 13 stones (quivered)
Armour
 b - a +0 robe (worn)
Jewellery
 g - a ring of sustain abilities (left hand)
Scrolls
 f - 3 scrolls of noise {unknown}
 m - 6 scrolls of remove curse
Potions
 j - a potion of mutation {unknown}
 l - a potion of heal wounds {unknown}
Books
 c - a book of Battle

   Spells                             Type                      Level
   a - Infusion                       Charms                       1
   b - Shroud of Golubria             Charms/Translocation         2
   c - Song of Slaying                Charms                       2
   d - Spectral Weapon                Hexes/Charms                 3
   e - Regeneration                   Charms/Necromancy            3
Comestibles
 d - a meat ration
 i - a royal jelly
 k - 2 bread rations


   Skills:
 * Level 4.0 Fighting
 * Level 4.2 Maces & Flails
 - Level 0.7 Armour
 + Level 1.9 Dodging
 - Level 2.4 Spellcasting
 - Level 2.1 Charms


You had 4 spell levels left.
You knew the following spells:

 Your Spells              Type           Power        Failure   Level  Hunger
a - Infusion              Chrm           #.....       14%         1    ##.....
b - Shroud of Golubria    Chrm/Tloc      #.........   30%         2    ###....


Dungeon Overview and Level Annotations

Branches:
Dungeon (3/15)

Altars:
Fedhas
Qazlal

Annotations:
D:2 Sigmund


Innate Abilities, Weirdness & Mutations

You are too large for most types of armour.
You have tough skin (AC +1).


Message History

The ogre misses you.
Your shroud bends the goblin's attack away.
The goblin barely misses you.
Casting: Shroud of Golubria
Confirm with . or Enter, or press ? or * to list all spells.
You begin infusing your attacks with magical energy.
The ogre hits you with a giant club!
* * * LOW HITPOINT WARNING * * *
Your shroud falls apart!
The goblin hits you.
* * * LOW HITPOINT WARNING * * *
The goblin hits you with a dagger.
* * * LOW HITPOINT WARNING * * *
Read which item? (? for menu, Esc to quit)
You can't read that!
Read which item? (? for menu, Esc to quit)
As you read the scroll of teleportation, it crumbles to dust.
You feel strangely unstable. The goblin hits you but does no damage.
The goblin closely misses you. The ogre hits you with a giant club!
You die...

... .......
#.....# #.....#
#.....# #.....#
#...h.# ..
#..gOg#
.g.h#...@.# #
≈≈≈≈≈#.....# ≈≈#
≈≈≈≈≈##'''##≈≈≈#
#≈≈≈≈...≈≈≈≈#
###≈≈...≈≈###
##.(..### #.####
#.# #.#


You could see an ogre, a jackal and 2 goblins.

Vanquished Creatures
  2 adders
  3 worms (D:2)
  5 orcs (D:3)
  2 giant cockroaches (D:3)
  5 goblins
  3 hobgoblins
  5 jackals
  A quokka (D:2)
  2 ball pythons (D:1)
  3 bats
  A giant newt (D:3)
  4 kobolds
  2 rats (D:1)
38 creatures vanquished.

Notes
Turn   | Place    | Note
--------------------------------------------------------------
     0 | D:1      | MrRokkomies, the Ogre Skald, began the quest for the Orb.
     0 | D:1      | Reached XP level 1. HP: 22/22 MP: 3/3
    85 | D:1      | Reached skill level 3 in Maces & Flails
   254 | D:1      | Reached skill level 1 in Dodging
   276 | D:1      | Reached XP level 2. HP: 31/31 MP: 5/5
   329 | D:1      | Learned a level 2 spell: Shroud of Golubria
   691 | D:2      | Reached XP level 3. HP: 37/37 MP: 1/6
   716 | D:2      | Found a stormy altar of Qazlal.
   719 | D:2      | Noticed an air elemental
   719 | D:2      | Noticed a fire elemental
   720 | D:2      | Noticed an earth elemental
   720 | D:2      | Noticed a water elemental
   962 | D:2      | Reached skill level 4 in Maces & Flails
   995 | D:2      | Noticed Sigmund
  1061 | D:3      | Reached XP level 4. HP: 34/48 MP: 1/8
  1062 | D:3      | Found a blossoming altar of Fedhas.
  1398 | D:3      | Noticed an ogre
  1407 | D:3      | Mangled by an ogre

Action                   |  1- 3 |  4- 6 || total
-------------------------+-------+-------++-------
Melee: Mace              |   118 |    22 ||   140
Throw: Stone             |     2 |       ||     2
 Cast: Infusion          |     2 |     1 ||     3
       Shroud of Golubri |     8 |     3 ||    11
  Use: Scroll            |     5 |     1 ||     6
       Potion            |       |     1 ||     1
  Eat: Chunk             |     1 |     2 ||     3
